 Dungeon Crawl Stone Soup version 0.21.0-24-g2553a33 (webtiles) character file.

149 tidbits the Firebug (level 5, -2/37 HPs)
             Began as a Gnoll Fire Elementalist on Jan 19, 2018.
             Slain by a scorpion (10 damage)
             ... on level 4 of the Dungeon.
             The game lasted 00:04:16 (430 turns).

tidbits the Firebug (Gnoll Fire Elementalist)        Turns: 430, Time: 00:04:17

Health: -2/37      AC:  3    Str: 11    XL:     5   Next: 31%
Magic:  0/12       EV: 14    Int: 18    God:
Gold:   57         SH:  0    Dex: 13    Spells: 5/14 levels left

rFire    . . .     SeeInvis .   a - +0 short sword
rCold    . . .     Gourm    .   (no shield)
rNeg     . . .     Faith    .   h - +0 robe
rPois    .         Spirit   .   (no helmet)
rElec    .         Reflect  .   (no cloak)
rCorr    .         Harm     .   m - +0 pair of gloves
MR       .....                  (boots currently unavailable)
Stlth    +++.......             (no amulet)
HPRegen  0.12/turn              e - -2 ring of dexterity (curse)
MPRegen  0.13/turn              (no ring)

@: lethally poisoned (-2 -> -17), appendage
A: distributed training, fangs 1, talons 3, strong nose
a: End Transformation


You were on level 4 of the Dungeon.
You were not hungry.
You had grown temporary talons.
You visited 1 branch of the dungeon, and saw 4 of its levels.

You collected 57 gold pieces.

Inventory:

Hand Weapons
 a - a +0 short sword (weapon)
 l - a +0 hunting sling
Missiles
 f - 4 stones (quivered)
 i - 11 arrows
Armour
 h - a +0 robe (worn)
 m - a +0 pair of gloves (worn)
Jewellery
 e - a cursed -2 ring of dexterity (left hand)
   (You found it on level 2 of the Dungeon)
Scrolls
 d - a scroll of enchant armour {unknown}
 j - 2 scrolls of identify {unknown}
Potions
 g - a potion of cancellation {unknown}
 n - 2 potions of degeneration {unknown}
 o - a potion of heal wounds {unknown}
Books
 b - a book of Flames

   Spells                             Type                      Level
   a - Flame Tongue                   Conjuration/Fire             1
   b - Throw Flame                    Conjuration/Fire             2
   c - Conjure Flame                  Conjuration/Fire             3
   d - Inner Flame                    Hexes/Fire                   3
   e - Sticky Flame                   Conjuration/Fire             4
   f - Fireball                       Conjuration/Fire             5
 k - a book of Changes
   (You found it on level 3 of the Dungeon)

   Spells                             Type                      Level
   a - Beastly Appendage              Transmutation                1
   b - Sticks to Snakes               Transmutation                2
   c - Spider Form                    Transmutation/Poison         3
   d - Ice Form                       Ice/Transmutation            4
   e - Blade Hands                    Transmutation                5
Comestibles
 c - 2 rations


   Skills:
 + Level 1.4 Fighting
 + Level 1.4 Short Blades
 + Level 1.4 Long Blades
 + Level 1.4 Axes
 + Level 1.4 Maces & Flails
 + Level 1.4 Polearms
 + Level 1.4 Staves
 + Level 1.4 Slings
 + Level 1.4 Bows
 + Level 1.4 Crossbows
 + Level 1.4 Throwing
 + Level 1.4 Armour
 + Level 4.7 Dodging
 + Level 4.4 Stealth
 + Level 1.4 Shields
 + Level 1.4 Unarmed Combat
 + Level 5.2 Spellcasting
 + Level 2.3 Conjurations
 + Level 1.1 Hexes
 + Level 1.1 Charms
 + Level 1.1 Summonings
 + Level 1.1 Necromancy
 + Level 1.1 Translocations
 + Level 1.1 Transmutations
 + Level 5.5 Fire Magic
 + Level 1.1 Ice Magic
 + Level 1.1 Air Magic
 + Level 1.1 Earth Magic
 + Level 1.1 Poison Magic
 + Level 1.6 Invocations
 + Level 1.4 Evocations


You had 5 spell levels left.
You knew the following spells:

 Your Spells              Type           Power        Failure   Level  Hunger
a - Flame Tongue          Conj/Fire      ###..        2%          1    None
c - Conjure Flame         Conj/Fire      ###.....     8%          3    ##.....
e - Beastly Appendage     Tmut           #.....       9%          1    None
f - Throw Flame           Conj/Fire      ###...       3%          2    #......
k - Sticks to Snakes      Tmut           #.......     12%         2    #......


Dungeon Overview and Level Annotations

Branches:
Dungeon (4/15)
 Temple: D:4-7

Altars:
Yredelemnul

Annotations:
D:3 Gorglomux's ghost, amateur DgWn


Innate Abilities, Weirdness & Mutations

Your experience applies equally to all skills.
You have very sharp teeth.
Your uncanny sense of smell can sniff out nearby items.
You have claws for feet.


Message History

Casting: Flame Tongue
Confirm with . or Enter, or press ? or * to list all spells.
Aiming: Flame Tongue
Press: ? - help, Shift-Dir - straight line, f/p - ogre
Aim: an ogre, wielding a giant spiked club (heavily wounded)
The flame tongue hits the ogre.
The ogre is severely wounded.
Your ball python bites the ogre.
The ogre barely misses you.
Your ball python bites the ogre.
A scorpion comes into view.
Casting: Flame Tongue
Confirm with . or Enter, or press ? or * to list all spells.
Aiming: Flame Tongue
Press: ? - help, Shift-Dir - straight line, f/p - ogre
Aim: an ogre, wielding a giant spiked club (almost dead)
The flame tongue hits the ogre.
The ogre is almost dead.
The ogre hits you with a giant spiked club!
Your ball python barely misses the ogre.
Casting: Flame Tongue
Confirm with . or Enter, or press ? or * to list all spells.
Aiming: Flame Tongue
Press: ? - help, Shift-Dir - straight line, f/p - ogre
Aim: an ogre, wielding a giant spiked club (almost dead)
The flame tongue hits the ogre.
You kill the ogre!
Your Hexes skill increases to level 1!
Your Charms skill increases to level 1!
Your Summonings skill increases to level 1!
Your Necromancy skill increases to level 1!
Your Translocations skill increases to level 1!
Your Transmutations skill increases to level 1!
Your Ice Magic skill increases to level 1!
Your Air Magic skill increases to level 1!
Your Earth Magic skill increases to level 1!
Your Poison Magic skill increases to level 1!
You have reached level 5!
The quokka completely misses you.
You miss the quokka. The quokka barely misses you.
Your ball python bites the quokka but does no damage.
Your ball python closely misses the quokka.
The quokka bites you.
Your ball python closely misses the quokka.
Your ball python grabs the quokka.
Your ball python constricts the quokka.
Casting: Flame Tongue
Confirm with . or Enter, or press ? or * to list all spells.
Aiming: Flame Tongue
Press: ? - help, Shift-Dir - straight line, f - quokka
Aim: a quokka (constricted by your ball python)
The flame tongue hits the quokka.
You kill the quokka!
Casting: Flame Tongue
Confirm with . or Enter, or press ? or * to list all spells.
Your feet morph into talons.
The scorpion barely misses you.
You hit the scorpion. Your kick misses the scorpion.
Your punch misses the scorpion.
The scorpion is moderately wounded.
The scorpion misses you.
Your ball python closely misses the scorpion.
Your ball python grabs the scorpion.
Your ball python constricts the scorpion.
You hit the scorpion but do no damage.
The scorpion is moderately wounded.
The scorpion stings you.
You are poisoned.
The scorpion poisons you!
Your ball python bites the scorpion but does no damage.
Your ball python constricts the scorpion.
Casting: Beastly Appendage
Confirm with . or Enter, or press ? or * to list all spells.
Aiming: Flame Tongue
Press: ? - help, Shift-Dir - straight line, f - scorpion
Aim: a scorpion (moderately wounded, constricted by your ball python)
The flame tongue hits the scorpion.
The scorpion is heavily wounded.
You feel sick.
Your ball python bites the scorpion but does no damage.
Your ball python constricts the scorpion.
The scorpion stings you!
* * * LOW HITPOINT WARNING * * *
You are lethally poisoned!
The scorpion poisons you!
Casting: Flame Tongue
Confirm with . or Enter, or press ? or * to list all spells.
You don't have enough magic to cast that spell.
You hit the scorpion but do no damage.
The scorpion is heavily wounded.
You hear the slow rusting of a distant drain.
* * * LOW HITPOINT WARNING * * *
You feel sick.
Your ball python bites the scorpion but does no damage.
Your ball python constricts the scorpion.
The scorpion stings you.
* * * LOW HITPOINT WARNING * * *
You hit the scorpion.
The scorpion is heavily wounded.
* * * LOW HITPOINT WARNING * * *
You feel sick.
Your ball python bites the scorpion.
Your ball python constricts the scorpion.
The scorpion stings you!
You die...

.... .........
...# .........
#..###........
#..#<#........
...#..#..........
..#.............
..#......#.#####
#.#......# # #
#.#..#S@.# #
#.#.#..#.s.#
#.#.#....#..##
#......#.#....
###...........
####.##...... ∆
#.##.......
#<##..#.#. ###
..#...


You could see a scorpion and a friendly ball python.

Vanquished Creatures
  An ogre (D:4)
  Jessica (D:3)
  2 adders
  An adder skeleton (D:4)
  A worm (D:2)
  A dart slug (D:1)
  A giant cockroach (D:2)
  A goblin (D:1)
  A hobgoblin (D:2)
  6 kobolds
  A quokka (D:4)
  4 bats
  3 rats
24 creatures vanquished.

Notes
Turn   | Place    | Note
-------+----------+-------------------------------------------
     0 | D:1      | tidbits the Gnoll Fire Elementalist began the quest for the Orb.
     0 | D:1      | Reached XP level 1. HP: 13/13 MP: 6/6
   101 | D:2      | Reached skill level 2 in Conjurations
   101 | D:2      | Reached XP level 2. HP: 13/20 MP: 2/7
   105 | D:2      | Learned a level 2 spell: Throw Flame
   121 | D:2      | Found a basalt altar of Yredelemnul.
   175 | D:3      | Reached skill level 5 in Spellcasting
   175 | D:3      | Reached XP level 3. HP: 17/25 MP: 1/9
   183 | D:3      | Noticed Gorglomux's ghost (amateur DgWn)
   364 | D:3      | Noticed Jessica
   371 | D:3      | Killed Jessica
   371 | D:3      | Reached skill level 1 in Fighting
   371 | D:3      | Reached skill level 1 in Short Blades
   371 | D:3      | Reached skill level 1 in Long Blades
   371 | D:3      | Reached skill level 1 in Axes
   371 | D:3      | Reached skill level 1 in Maces & Flails
   371 | D:3      | Reached skill level 1 in Polearms
   371 | D:3      | Reached skill level 1 in Staves
   371 | D:3      | Reached skill level 1 in Slings
   371 | D:3      | Reached skill level 1 in Bows
   371 | D:3      | Reached skill level 1 in Crossbows
   371 | D:3      | Reached skill level 1 in Throwing
   371 | D:3      | Reached skill level 1 in Armour
   371 | D:3      | Reached skill level 1 in Shields
   371 | D:3      | Reached skill level 1 in Unarmed Combat
   371 | D:3      | Reached skill level 1 in Invocations
   371 | D:3      | Reached skill level 1 in Evocations
   371 | D:3      | Reached XP level 4. HP: 26/32 MP: 11/11
   401 | D:4      | Noticed an ogre
   404 | D:4      | Learned a level 1 spell: Beastly Appendage
   407 | D:4      | Learned a level 2 spell: Sticks to Snakes
   411 | D:4      | Learned a level 3 spell: Conjure Flame
   421 | D:4      | Killed an ogre
   421 | D:4      | Reached skill level 1 in Hexes
   421 | D:4      | Reached skill level 1 in Charms
   421 | D:4      | Reached skill level 1 in Summonings
   421 | D:4      | Reached skill level 1 in Necromancy
   421 | D:4      | Reached skill level 1 in Translocations
   421 | D:4      | Reached skill level 1 in Transmutations
   421 | D:4      | Reached skill level 1 in Ice Magic
   421 | D:4      | Reached skill level 1 in Air Magic
   421 | D:4      | Reached skill level 1 in Earth Magic
   421 | D:4      | Reached skill level 1 in Poison Magic
   421 | D:4      | Reached XP level 5. HP: 24/37 MP: 2/12
   430 | D:4      | Slain by a scorpion

Skill      XL: |  1  2  3  4 |
---------------+-------------+-----
Conjurations   | 2 |  2.3
Spellcasting   | 5 |  5.2
Fighting       | 1 |  1.4
Short Blades   | 1 |  1.4
Long Blades    | 1 |  1.4
Axes           | 1 |  1.4
Maces & Flails | 1 |  1.4
Polearms       | 1 |  1.4
Staves         | 1 |  1.4
Slings         | 1 |  1.4
Bows           | 1 |  1.4
Crossbows      | 1 |  1.4
Throwing       | 1 |  1.4
Armour         | 1 |  1.4
Shields        | 1 |  1.4
Unarmed Combat | 1 |  1.4
Invocations    | 1 |  1.6
Evocations     | 1 |  1.4
Hexes          | 1 |  1.1
Charms         | 1 |  1.1
Summonings     | 1 |  1.1
Necromancy     | 1 |  1.1
Translocations | 1 |  1.1
Transmutations | 1 |  1.1
Ice Magic      | 1 |  1.1
Air Magic      | 1 |  1.1
Earth Magic    | 1 |  1.1
Poison Magic   | 1 |  1.1
Dodging        | |  4.7
Stealth        | |  4.4
Fire Magic     | |  5.5

Action                   |  1- 3 |  4- 6 || total
-------------------------+-------+-------++-------
Melee: Short sword       |    14 |     7 ||    21
       Bite              |     2 |       ||     2
 Cast: Flame Tongue      |    29 |    11 ||    40
       Sticks to Snakes  |       |     2 ||     2
       Beastly Appendage |       |     1 ||     1
 Stab: Sleeping          |     4 |       ||     4
Armor: Robe              |     5 |     1 ||     6
Dodge: Dodged            |     8 |     9 ||    17

Table legend:
 A = Turns spent in this place as a percentage of turns spent in the entire game.
 B = Non-inter-level travel turns spent in this place as a percentage of non-inter-level travel turns spent in the entire game.
 C = Inter-level travel turns spent in this place as a percentage of turns spent in this place.
 D = Turns resting spent in this place as a percentage of non-inter-level travel turns spent in this place.
 E = Turns spent auto-exploring this place as a percentage of non-inter-level travel turns spent in this place.
 F = Non-inter-level travel turns spent in this place divided by the number of levels of this place that you've seen.
                   A       B       C       D       E      F
               +-------+-------+-------+-------+-------+----------------------
         Total | 100.0 | 100.0 |   0.0 |   0.0 |   0.0 | 107.5
       Dungeon | 100.0 | 100.0 |   0.0 |   0.0 |   0.0 | 107.5
               +-------+-------+-------+-------+-------+----------------------

Table legend:
 A = Kills in this place as a percentage of kills in entire the game.
 B = Kills by you in this place as a percentage of kills by you in the entire game.
 C = Kills by friends in this place as a percentage of kills by friends in the entire game.
 D = Other kills in this place as a percentage of other kills in the entire game.
 E = Experience gained in this place as a percentage of experience gained in the entire game.
 F = Experience gained in this place divided by the number of levels of this place that you have seen.
                   A       B       C       D       E      F
               +-------+-------+-------+-------+-------+----------------------
         Total | 100.0 | 100.0 |   N/A |   N/A | 100.0 |  53.5
       Dungeon | 100.0 | 100.0 |   N/A |   N/A | 100.0 |  53.5
               +-------+-------+-------+-------+-------+----------------------

Vault maps used:
D:1:      saegor_arrival_simple_f
D:2:      lemuel_doored_altar, nicolae_overflow_crystal_walls
D:3:      vehumet_crystals, led_sif_pool, uniq_jessica
D:4:      temple_fountains, cheibrodos_sewer_entry_sluice, serial_shops, shop
